 Dungeon Crawl Stone Soup version 0.21-a0-625-g1119ec1 (webtiles) character file.

60 tof the Slasher (level 3, -7/33 HPs)
             Began as a Minotaur Monk on Dec 24, 2017.
             Mangled by a gnoll
             ... wielding a +0 spear
              (10 damage)
             ... on level 2 of the Dungeon.
             The game lasted 00:01:30 (1010 turns).

tof the Slasher (Minotaur Monk)                     Turns: 1010, Time: 00:01:31

Health: -7/33      AC:  3    Str: 15    XL:     3   Next: 80%
Magic:  2/2        EV: 13    Int:  7    God:
Gold:   101        SH:  0    Dex: 13    Spells: 2/2 levels left

rFire    . . .     SeeInvis .   a - +0 falchion
rCold    . . .     Gourm    .   (no shield)
rNeg     . . .     Faith    +   l - +0 leather armour
rPois    .         Spirit   .   (helmet restricted)
rElec    .         Reflect  .   (no cloak)
rCorr    .         Harm     .   (no gloves)
MR       .....                  (no boots)
Stlth    ++........             k - amulet of faith
HPRegen  0.11/turn              (no ring)
MPRegen  0.08/turn              (no ring)

@: no status effects
A: retaliatory headbutt, horns 2
a: no special abilities


You were on level 2 of the Dungeon.
You were not hungry.

You visited 1 branch of the dungeon, and saw 2 of its levels.

You collected 101 gold pieces.

Inventory:

Hand Weapons
 a - a +0 falchion (weapon)
Armour
 l - a +0 leather armour (worn)
Jewellery
 k - an amulet of faith (around neck)
Scrolls
 b - a scroll of identify {unknown}
 g - 2 scrolls of fear {unknown}
 j - a scroll of remove curse {unknown}
Potions
 d - a potion of heal wounds {unknown}
 e - a potion of magic {unknown}
 h - a potion of curing {unknown}
 i - a potion of might {unknown}
Comestibles
 c - 6 rations


   Skills:
 + Level 4.1 Fighting
 * Level 4.6 Long Blades
 + Level 1.3 Throwing
 + Level 1.6 Armour
 - Level 3.2 Dodging
 - Level 1.5 Stealth


You had 2 spell levels left.
You didn't know any spells.

Dungeon Overview and Level Annotations

Branches:
Dungeon (2/15)

Altars:


Innate Abilities, Weirdness & Mutations

You reflexively headbutt those who attack you in melee.
You have a pair of horns on your head.


Message History

The gnoll hits you with a whip!
The gnoll hits you from afar with a spear!
A quokka comes into view.
You barely miss the gnoll. You headbutt the gnoll.
You kill the gnoll!
The gnoll misses you.
You riposte.
You hit the gnoll.
The gnoll is moderately wounded.
The gnoll hits you from afar with a spear.
* * * LOW HITPOINT WARNING * * *
The gnoll barely misses you. The gnoll closely misses you.
You furiously retaliate!
You headbutt the gnoll!
You kill the gnoll!
The gnoll hits you with a spear.
* * * LOW HITPOINT WARNING * * *
The gnoll hits you but does no damage.
Found 10 gold pieces.
You see here a whip.
You barely miss the gnoll. The gnoll barely misses you.
The gnoll hits you with a spear!
You die...

#..<#
..#..##
##.#..#
#<.#.##
#..#.#
#..#.#
#..#.#
.#.###g)#.#
.....rg@..#
.##.!######
..$ #


You could see 2 gnolls and a quokka.

Vanquished Creatures
  2 gnolls (D:2)
  An ooze (D:1)
  A dart slug (D:1)
  A leopard gecko (D:1)
  A ball python (D:1)
  2 bats (D:1)
  3 giant cockroaches (D:1)
  4 goblins (D:1)
  2 hobgoblins (D:1)
  4 jackals (D:1)
  3 frilled lizards (D:1)
  5 kobolds (D:1)
  5 rats (D:1)
34 creatures vanquished.

Notes
Turn   | Place    | Note
-------+----------+-------------------------------------------
     0 | D:1      | tof the Minotaur Monk began the quest for the Orb.
     0 | D:1      | Reached XP level 1. HP: 19/19 MP: 0/0
   244 | D:1      | Reached XP level 2. HP: 27/27 MP: 1/1
   363 | D:1      | Reached skill level 1 in Armour
   685 | D:1      | Reached skill level 1 in Throwing
   685 | D:1      | Reached XP level 3. HP: 32/33 MP: 2/2
  1010 | D:2      | Mangled by a gnoll

Vault maps used:
D:1:      eino_arrival_cavern_e, minivault_27
D:2:      lemuel_coloured_pillars_altar, serial_undead, serial_undead_c,
          serial_undead_d, serial_undead_f, serial_undead_b, minmay_domino_2

Skill      XL: |  1  2  3 |
---------------+----------+-----
Long Blades    | 4 |  4.6
Armour         | 1 |  1.6
Throwing       | 1 |  1.3
Fighting       | 4 |  4.1
Dodging        | |  3.2
Stealth        | |  1.5

Action                   || total
-------------------------++-------
Melee: Falchion          ||    55
       Headbutt          ||     8
 Stab: Sleeping          ||     2
Armor: Robe              ||     5
       Leather armour    ||     4
Dodge: Dodged            ||    61
       Rpst.: Falchion   ||    14

Table legend:
 A = Spawn XP
 B = Non-spawn XP
 C = Spawn XP percentage of total XP
 D = Spawn monster count
 E = Non-spawn monster count
 F = Spawn count percentage of total count
 G = Total turns spent on level
                    A         B        C        D         E        F      G
               +---------+---------+-------+---------+---------+-------+---------
         Total |       0 |      86 |   0.0 |       0 |      34 |   0.0 |  1010
               +---------+---------+-------+---------+---------+-------+---------
           D:1 |       0 |      58 |   0.0 |       0 |      32 |   0.0 |   997
           D:2 |       0 |      28 |   0.0 |       0 |       2 |   0.0 |    13
               +---------+---------+-------+---------+---------+-------+---------
